 Dungeon Crawl Stone Soup version 0.17-a0-377-gdd46233 (webtiles) character file.

64 Raurakos the Chopper (level 3, -3/32 HPs)
             Began as a Deep Dwarf Gladiator on Apr 2, 2015.
             Killed by divine providence
             ... invoked by an orc priest
              (15 damage)
             ... on level 3 of the Dungeon.
             The game lasted 00:05:41 (1273 turns).

Raurakos the Chopper (Deep Dwarf Gladiator)         Turns: 1273, Time: 00:05:41

Health: -3/32      AC: 11    Str: 18    XL:     3   Next: 91%
Magic:  3/3        EV:  6    Int:  8    God:
Gold:   174        SH:  0    Dex: 14    Spells: 0 memorised, 2 levels left

rFire  . . .     SeeInvis .     a - +0 war axe
rCold  . . .     Clarity  .     s - +0 plate armour
rNeg   . . .     SustAb   .     (no shield)
rPois  .         Gourm    .     c - +0 helmet
rElec  .         Spirit   .     (no cloak)
rCorr  .         Warding  .     (no gloves)
rMut   .         Stasis   .     (no boots)
MR     .....                    (no amulet)
Stlth  ..........               (no ring)
                                (no ring)

@: non-regenerating, not resistant to hostile enchantments, extremely unstealthy
A: damage resistance, recharge devices, sense surroundings 1, slow healing 3
a: Device Recharging


You were on level 3 of the Dungeon.
You were not hungry.

You visited 1 branch of the dungeon, and saw 3 of its levels.

You collected 174 gold pieces.

Inventory:

Hand weapons
 a - a +0 war axe (weapon)
Missiles
 d - 2 throwing nets (quivered)
 h - 49 stones
Armour
 c - a +0 helmet (worn)
 s - a +0 plate armour (worn)
Magical devices
 e - a wand of heal wounds (4)
Scrolls
 b - a scroll of fear {unknown}
 g - a scroll of teleportation {unknown}
 i - 2 scrolls of identify {unknown}
 l - a scroll of remove curse {unknown}
 p - 2 scrolls of noise {unknown}
 q - a scroll of random uselessness {unknown}
Potions
 j - a potion of cure mutation {unknown}
 k - a potion of heal wounds {unknown}
 o - a potion of might
 r - a potion of lignification {unknown}
Comestibles
 f - a bread ration
 n - a beef jerky


   Skills:
 - Level 1.7 Fighting
 + Level 5.3 Axes
 - Level 1.7 Throwing
 - Level 3.2 Dodging


You had 2 spell levels left.
You didn't know any spells.

Dungeon Overview and Level Annotations

Branches:
Dungeon (3/15)

Altars:
Cheibriados
Dithmenos
Elyvilon
Kikubaaqudgha
Qazlal
Ru


Innate Abilities, Weirdness & Mutations

You are resistant to damage.
You can recharge devices by infusing magical energy.
You passively map a small area around you.
You do not heal naturally.


Message History

You closely miss the kobold. The kobold hits you but does no damage.
You completely miss the kobold. The kobold hits you with a dagger.
You closely miss the kobold. The kobold barely misses you.
The orc priest calls down the wrath of Beogh upon you.
Something smites you!
You slash the kobold!
You kill the kobold!
The orc priest invokes the aid of Beogh against you.
Pain shoots through your body!
You barely miss the orc wizard.
The orc wizard hits you but does no damage.
You miss the orc wizard.
The orc priest becomes somewhat translucent.
The orc wizard barely misses you.
You closely miss the orc wizard. The orc wizard barely misses you.
The orc wizard barely misses you.
You closely miss the orc wizard.
The orc priest invokes the aid of Beogh against you.
Something smites you!
You die...

** , ... #. ....,#.* ,,
, $.....#.* , ....o#.##
, #'#o.#..# , , ## ,
#.##.o#.#####
##..#####..##.......##
##..........)##o......#
,
+...⌠..<..⌠..@oo......#
##...........##.......#
,
##..#####..##.....[.##
##, #.##..####### +
#.#..## , * #...## *
#####


You could see an orc priest, an orc wizard and an orc.

Vanquished Creatures
  An adder (D:2)
  An ooze (D:2)
  An orc (D:3)
  A ball python (D:1)
  9 goblins
  7 hobgoblins
  4 jackals (D:1)
  11 kobolds
  2 quokkas
  5 bats
  3 giant newts
  6 rats
51 creatures vanquished.

Notes
Turn   | Place    | Note
--------------------------------------------------------------
     0 | D:1      | Raurakos, the Deep Dwarf Gladiator, began the quest for the Orb.
     0 | D:1      | Reached XP level 1. HP: 19/19 MP: 1/1
   165 | D:1      | Reached XP level 2. HP: 26/26 MP: 2/2
   182 | D:1      | Reached skill level 4 in Axes
   524 | D:1      | Reached XP level 3. HP: 32/32 MP: 3/3
   914 | D:2      | Found a stormy altar of Qazlal.
   914 | D:2      | Found an ancient bone altar of Kikubaaqudgha.
   915 | D:2      | Found a shadowy altar of Dithmenos.
   916 | D:2      | Found a snail-covered altar of Cheibriados.
   916 | D:2      | Found a sacrificial altar of Ru.
   917 | D:2      | Found a white marble altar of Elyvilon.
   919 | D:2      | Reached skill level 5 in Axes
  1273 | D:3      | Killed from afar by an orc priest

Action                   || total
-------------------------++-------
Melee: War axe           ||   149
Throw: Stone             ||    17
       Throwing net      ||     2
Evoke: Wand              ||     1
  Eat: Chunk             ||     1
